 Dungeon Crawl Stone Soup version 0.23.0 (webtiles) character file.

Game seed: 4639277838305398169

531 misha the Slasher (level 7, -12/61 HPs)
             Began as a Minotaur Fighter on Feb 17, 2019.
             Was a Believer of Uskayaw.
             Mangled by an ogre
             ... wielding a +0 giant club
              (17 damage)
             ... on level 5 of the Dungeon.
             The game lasted 00:34:25 (5870 turns).

misha the Slasher (Minotaur Fighter)                Turns: 5870, Time: 00:34:26

Health: -12/61     AC:  6    Str: 23    XL:     7   Next: 3%
Magic:  6/6        EV:  9    Int:  5    God:    Uskayaw [**....]
Gold:   156        SH:  9    Dex:  9    Spells: 6/6 levels left

rFire    . . .     SeeInvis +   a - +0 long sword
rCold    . . .     Gourm    .   c - +0 shield
rNeg     . . .     Faith    .   h - +0 scale mail
rPois    .         Spirit   .   (helmet restricted)
rElec    .         Reflect  .   (no cloak)
rCorr    .         Harm     .   (no gloves)
MR       .....                  (no boots)
Stlth    ..........             (no amulet)
HPRegen  0.20/turn              q - ring of flight
MPRegen  0.10/turn              z - ring of see invisible

@: about to teleport
A: retaliatory headbutt, horns 2
a: Stomp, Line Pass, Renounce Religion, Evoke Flight


You were on level 5 of the Dungeon.
You worshipped Uskayaw.
Uskayaw was noncommittal.
You were near starving.

You visited 1 branch of the dungeon, and saw 5 of its levels.

You collected 156 gold pieces.

Inventory:

Hand Weapons
 a - a +0 long sword (weapon)
 i - a +0 dagger
 x - a +3 hand axe
 y - a +0 hand axe
 A - a +0 hand axe
 C - a +0 flail
 D - a +0 morningstar
 I - a +0 flail
 K - a +0 mace
 L - a +0 dagger
Missiles
 b - 5 needles of confusion
 w - 17 poisoned needles
 G - 71 stones (quivered)
Armour
 c - a +0 shield (worn)
 e - a +0 scale mail
 h - a +0 scale mail (worn)
 B - a +0 leather armour
 E - a +0 leather armour
 F - a +0 ring mail
Jewellery
 q - a ring of flight (left hand)
 z - a ring of see invisible (right hand)
Scrolls
 k - 3 scrolls of identify
 l - a scroll of random uselessness {unknown}
 m - 2 scrolls of immolation {unknown}
 n - 3 scrolls of fear {unknown}
 o - a scroll of magic mapping {unknown}
 p - a scroll of blinking {unknown}
 t - 2 scrolls of remove curse {unknown}
 u - a scroll of fog {unknown}
 J - a scroll of enchant weapon {unknown}
 N - a scroll of noise {unknown}
Potions
 d - a potion of curing {unknown}
 j - 3 potions of berserk rage {unknown}
 r - 2 potions of mutation {unknown}
 s - a potion of heal wounds {unknown}
 v - a potion of haste {unknown}
 H - 2 potions of lignification {unknown}
 M - a potion of agility {unknown}
 O - a potion of flight {unknown}
Comestibles
 f - 8 rations


   Skills:
 + Level 5.4 Fighting
 + Level 6.7 Long Blades
 + Level 0.3 Throwing
 - Level 3.6 Armour
 + Level 3.0 Dodging
 + Level 1.5 Stealth
 - Level 3.6 Shields
 + Level 0.8 Evocations


You had 6 spell levels left.
You didn't know any spells.
Your spell library was empty.

Dungeon Overview and Level Annotations

Branches:
Dungeon (5/15)             Temple (0/1) D:4

Altars:
Kikubaaqudgha
Uskayaw
Vehumet
Wu Jian

Shops:
D:4 *


Innate Abilities, Weirdness & Mutations

You reflexively headbutt those who attack you in melee.
You have a pair of horns on your head.


Message History

The ogre is severely wounded.
The ogre hits you but does no damage.
You slash the ogre!
The ogre is almost dead.
The ogre hits you with a +0 giant club!
* * * LOW HITPOINT WARNING * * *
As you read the scroll labeled XUIXZE ETWEMUO, it crumbles to dust.
You feel strangely unstable.
It was a scroll of teleportation.
The ogre closely misses you.
You riposte.
You barely miss the ogre.
The ogre is almost dead.
You are too injured to fight recklessly!
You are too injured to fight recklessly!
You are too injured to fight recklessly!
You are too injured to fight recklessly!
You are too injured to fight recklessly!
As you read the scroll labeled AGIGYJ NILL, it crumbles to dust.
It is a scroll of identify.
Okay, then.
The ogre hits you with a +0 giant club!
You die...

#.# #.#
#.#
#######.#
........#
#######.#
#%# .
#.###....
#@.%.....
#O.##....
#..# ..
#...
#)...
##.### .#
.#


You could see an ogre.

Vanquished Creatures
  Menkaure (D:4)
  2 water moccasins
  An ogre (D:4)
  Terence (D:2)
  An adder skeleton (D:4)
  2 worms
  3 dart slugs
  4 leopard geckos
  12 orcs
  6 giant cockroaches
  6 goblins
  9 hobgoblins
  5 kobolds
  2 bats
  3 frilled lizards
  7 rats
  A plant (D:3)
66 creatures vanquished.

Notes
Turn   | Place    | Note
-------+----------+-------------------------------------------
     0 | D:1      | misha the Minotaur Fighter began the quest for the Orb.
     0 | D:1      | Reached XP level 1. HP: 19/19 MP: 0/0
   478 | D:1      | Reached XP level 2. HP: 26/27 MP: 1/1
   654 | D:1      | Reached skill level 3 in Long Blades
  1901 | D:2      | Reached XP level 3. HP: 24/34 MP: 2/2
  2060 | D:2      | Found a radiant altar of Vehumet.
  2219 | D:2      | Found an ornate altar of the Wu Jian Council.
  2437 | D:3      | Found a hide-covered altar of Uskayaw.
  2458 | D:3      | Noticed Terence
  2584 | D:2      | Killed Terence
  2584 | D:2      | Reached skill level 4 in Long Blades
  2584 | D:2      | Reached skill level 1 in Dodging
  2584 | D:2      | Reached XP level 4. HP: 29/41 MP: 3/3
  2693 | D:3      | Became a worshipper of Uskayaw the Reveler
  2706 | D:3      | Reached * piety under Uskayaw
  2709 | D:3      | Reached ** piety under Uskayaw
  2719 | D:3      | Reached *** piety under Uskayaw
  3685 | D:4      | Found Huosoaps's Serpentskin Sales.
  3685 | D:4      | Noticed a water moccasin
  3685 | D:4      | Noticed a water moccasin
  3702 | D:3      | Killed a water moccasin
  3702 | D:3      | Reached skill level 5 in Long Blades
  3702 | D:3      | Reached skill level 1 in Stealth
  3702 | D:3      | Reached XP level 5. HP: 18/47 MP: 4/4
  4093 | D:4      | Killed a water moccasin
  4093 | D:4      | Reached skill level 5 in Fighting
  4093 | D:4      | Reached XP level 6. HP: 36/56 MP: 5/5
  4804 | D:4      | Noticed Menkaure
  4827 | D:4      | HP: 2/56 [Menkaure (2)]
  4828 | D:4      | Killed Menkaure
  4828 | D:4      | Reached skill level 6 in Long Blades
  5224 | D:4      | Found a staircase to the Ecumenical Temple.
  5255 | D:4      | Reached XP level 7. HP: 61/61 MP: 6/6
  5338 | D:4      | Found an ancient bone altar of Kikubaaqudgha.
  5844 | D:5      | Entered Level 5 of the Dungeon
  5870 | D:5      | Mangled by an ogre

Skill      XL: |  1  2  3  4  5  6 |
---------------+-------------------+-----
Fighting       | 4 5 |  5.4
Long Blades    | 3 4 5 6 |  6.7
Dodging        | 1 2 3 |  3.0
Stealth        | 1 |  1.5
Throwing       | |  0.3
Armour         | |  3.6
Shields        | |  3.6
Evocations     | |  0.8

Action                   |  1- 3 |  4- 6 |  7- 9 || total
-------------------------+-------+-------+-------++-------
Melee: Long sword        |    92 |    92 |    15 ||   199
       Headbutt          |    22 |    18 |     1 ||    41
Throw: Stone             |       |     2 |       ||     2
 Abil: Evoke Flight      |     1 |     2 |       ||     3
  Use: Potion            |       |     1 |       ||     1
       Scroll            |       |       |     2 ||     2
 Stab: Paralysed         |       |     1 |       ||     1
  Eat: Ration            |     1 |     2 |       ||     3
       Chunk             |       |     2 |     2 ||     4
Armor: Scale mail        |    33 |    21 |     1 ||    55
Dodge: Dodged            |    21 |    30 |     2 ||    53
Block: Shield            |    54 |    39 |     4 ||    97
       Rpst.: Long sword |     4 |     6 |     1 ||    11
